 Dungeon Crawl Stone Soup version 0.24-a0-479-g9a978d2894 (webtiles) character file.

Game seed: 1229704639085656130

4148 Gargoyl the Covered (level 10, -1/82 (83) HPs)
             Began as a Centaur Abyssal Knight on July 6, 2019.
             Was an Elder of Lugonu.
             Slain by a troll (10 damage)
             ... on level 8 of the Dungeon.
             The game lasted 00:14:48 (10891 turns).

Gargoyl the Covered (Centaur Abyssal Knight)       Turns: 10891, Time: 00:14:48

HP:   -1/82 (83)    AC: 12    Str: 17    XL:     10   Next: 7%
MP:   14/14         EV:  9    Int: 11    God:    Lugonu [****..]
Gold: 391           SH:  0    Dex: 10    Spells: 9/9 levels left

rFire    . . .     SeeInvis .   B - +10 morningstar "Eos" {elec, Halo rElec}
rCold    + . .     Gourm    .   (no shield)
rNeg     . . .     Faith    .   n - +2 scale mail {rPois}
rPois    +         Spirit   .   k - +0 helmet
rElec    +         Reflect  .   s - scarf {repulsion}
rCorr    .         Harm     .   t - +0 pair of gloves
MR       .....                  (no barding)
Stlth    ..........             (no amulet)
HPRegen  0.23/turn              q - ring of protection from cold
MPRegen  0.14/turn              (no ring)

@: lethally poisoned (-1 -> -3), glowing, repel missiles, very quick
A: large, hooves 3, deformed body, speed 2, tough skin 3
a: Depart the Abyss, Bend Space, Banish, Corrupt, Renounce Religion


You were on level 8 of the Dungeon.
You worshipped Lugonu.
Lugonu was greatly pleased with you.
You were very hungry.

You visited 1 branch of the dungeon, and saw 8 of its levels.
You visited the Abyss 1 time.

You collected 424 gold pieces.
You spent 33 gold pieces at shops.

Inventory:

Hand Weapons
 a - a +1 hand axe
 m - a cursed -1 war axe
 B - the +10 morningstar "Eos" (weapon) {elec, Halo rElec}
   (You found it on level 6 of the Dungeon)

   Occasionally, upon striking a foe, it will discharge some electrical energy
   and cause terrible harm.
   It insulates you from electricity.
Missiles
 r - 6 boomerangs (quivered)
Armour
 k - a +0 helmet (worn)
 n - a +2 scale mail of poison resistance (worn)
 s - a scarf of repulsion (worn)
 t - a +0 pair of gloves (worn)
Jewellery
 d - an uncursed ring of flight {unknown}
 q - a ring of protection from cold (left hand)
Wands
 f - a wand of flame (16)
 g - a wand of clouds (3)
 y - a wand of iceblast (12)
Scrolls
 b - a scroll of teleportation
 e - 3 scrolls of remove curse
 l - a scroll of fear
 u - a scroll of identify
 v - a scroll of blinking
 w - a scroll of fog
 D - a scroll of amnesia
Potions
 h - a potion of magic
 i - a potion of flight {unknown}
 j - 2 potions of lignification
 o - 2 potions of degeneration
 p - a potion of might {unknown}
 x - 4 potions of curing
 z - 3 potions of resistance
 A - 2 potions of ambrosia {unknown}
 C - a potion of mutation {unknown}
Comestibles
 c - 14 rations


   Skills:
 + Level 6.0 Fighting
 + Level 5.4(6.1) Axes
 + Level 4.2(5.5) Maces & Flails
 * Level 6.4 Armour
 * Level 4.2 Dodging
 * Level 6.3 Invocations


You had 9 spell levels left.
You didn't know any spells.
Your spell library contained the following spells:

 Spells                   Type           Power        Failure   Level  Hunger
 Summon Small Mammal      Summ           #...         71%         1    ##.....
 Call Imp                 Summ           #.......     85%         2    ###....
 Call Canine Familiar     Summ           #.......     97%         3    ####...
 Summon Guardian Golem    Hex/Summ       #.......     97%         3    ####...
 Summon Ice Beast         Ice/Summ       #.......     100%        4    #####..
 Summon Lightning Spire   Summ/Air       #.......     100%        4    #####..


Dungeon Overview and Level Annotations

Branches:
Dungeon (8/15)             Temple (0/1) D:5
   Lair: D:8-11

Altars:
Dithmenos
Elyvilon
Gozag
Makhleb
Okawaru
Ru
Trog
The Shining One

Shops:
D:5 ?   D:7 (

Annotations:
D:6 2 transporters, Zigma's ghost, amateur DrMo


Innate Abilities, Weirdness & Mutations

You have hooves in place of feet.
Armour fits poorly on your strangely shaped body.
You cover ground very quickly.
You have extremely tough skin. (AC +3)


Message History

You feel sick. The hornet stings you! x2
You sock the hornet! You kick the hornet.
You kill the hornet!
Lugonu accepts your kill.
You feel yourself speed up.
You feel sick.
You hit the troll.
The troll is lightly wounded.
You feel sick. The troll bites you but does no damage. The troll claws you.
The troll claws you but does no damage.
You puncture the troll! You kick the troll!
The troll is heavily wounded.
The troll barely misses you. The troll claws you but does no damage.
The troll claws you! The troll bites you!
* * * LOW HITPOINT WARNING * * *
The troll claws you!
* * * LOW HITPOINT WARNING * * *
The troll claws you!
You die...

...... #.##.#
#.##.# #.##.#
#.##.#
##.##.#
#####.....##
#.....<..T.#
#.###..###@#
#..##...#
#..#.....#
...........
##.#......###
#.#.#...##
#.#.##.## ..
..#


You could see a troll.

Vanquished Creatures
  Harold (D:7)
  A hornet (D:8)
  A hippogriff (D:6)
  A spriggan (D:7)
  A hungry ghost (D:7)
  An ice beast (D:5)
  4 orc warriors
  2 black bears (D:6)
  A sky beast (D:6)
  2 phantoms
  A necrophage (D:4)
  A centaur (D:6)
  3 ogres
  2 bullfrogs (D:6)
  5 killer bees (D:7)
  A vampire bat (Abyss:2)
  3 howler monkeys
  A centaur zombie (D:7)
  A crimson imp (D:6)
  A bullfrog skeleton (D:7)
  3 jellies
  2 orc priests
  6 orc wizards
  A centaur skeleton (D:5)
  2 iguanas (D:7)
  4 worker ants
  A worker ant zombie (D:7)
  A howler monkey zombie (D:5)
  3 gnolls (D:7)
  12 adders
  2 river rats (D:5)
  3 shadow imps (D:7)
  3 oozes
  An adder skeleton (D:6)
  3 worms
  4 dart slugs
  6 leopard geckos
  31 orcs
  11 giant cockroaches
  8 goblins
  7 hobgoblins
  4 jackals
  10 kobolds
  5 quokkas
  2 ball pythons (D:2)
  13 bats
  2 frilled lizards
  20 rats
204 creatures vanquished.

Vanquished Creatures (others)
  A goblin (D:6)
1 creature vanquished.

Grand Total: 205 creatures vanquished

Notes
Turn   | Place    | Note
-------+----------+-------------------------------------------
     0 | Abyss:1  | Gargoyl the Centaur Abyssal Knight began the quest for the
                  | Orb.
     0 | Abyss:1  | Reached XP level 1. HP: 19/19 MP: 2/2
    85 | Abyss:2  | Found a corrupted altar of Lugonu.
    96 | Abyss:2  | Noticed a vampire bat
   107 | Abyss:2  | Killed a vampire bat
   107 | Abyss:2  | Reached XP level 2. HP: 26/27 MP: 3/3
   107 | Abyss:2  | Reached XP level 3. HP: 32/33 MP: 4/4
   129 | Abyss:2  | Noticed a large abomination
   129 | Abyss:2  | Noticed a spatial vortex
   147 | Abyss:2  | Noticed a ynoxinul
   148 | D:1      | Escaped the Abyss
   338 | D:1      | Reached * piety under Lugonu
   419 | D:1      | Reached skill level 1 in Dodging
   487 | D:1      | Reached XP level 4. HP: 30/40 MP: 5/5
  1299 | D:2      | Found a burning altar of Makhleb.
  1401 | D:2      | Reached ** piety under Lugonu
  1505 | D:2      | Reached XP level 5. HP: 44/46 MP: 6/6
  1881 | D:3      | Found a shadowy altar of Dithmenos.
  2164 | D:3      | Found a white marble altar of Elyvilon.
  2596 | D:3      | Found an opulent altar of Gozag.
  3006 | D:3      | Reached XP level 6. HP: 24/52 MP: 1/8
  4037 | D:4      | Reached *** piety under Lugonu
  4640 | D:4      | Reached XP level 7. HP: 40/60 MP: 5/9
  4970 | D:5      | Entered Level 5 of the Dungeon
  5294 | D:5      | Found Kiezery's Magic Scroll Shop.
  5353 | D:5      | Bought a scroll of remove curse for 33 gold pieces
  6283 | D:5      | Reached skill level 5 in Fighting
  6309 | D:5      | Found a staircase to the Ecumenical Temple.
  6423 | D:6      | Found an iron altar of Okawaru.
  6424 | D:6      | Found a sacrificial altar of Ru.
  6450 | D:6      | Found a transporter.
  6450 | D:6      | Noticed Zigma's ghost (amateur DrMo)
  6452 | D:6      | Noticed a vampire
  6487 | D:6      | Reached XP level 8. HP: 8/67 MP: 2/11
  6772 | D:6      | Found a transporter.
  6838 | D:6      | Found a bloodstained altar of Trog.
  7501 | D:6      | Reached skill level 5 in Axes
  7694 | D:6      | Reached skill level 5 in Invocations
  8048 | D:6      | Reached skill level 5 in Armour
  8299 | D:6      | Found the +10 morningstar "Eos" {elec, Halo rElec}
  8547 | D:7      | Noticed Harold
  8560 | D:7      | Noticed a hippogriff
  8893 | D:7      | Found Lipt's Weapon Shop.
  8937 | D:7      | Killed Harold
  8937 | D:7      | Reached skill level 1 in Maces & Flails
  8937 | D:7      | Reached XP level 9. HP: 55/73 MP: 7/13
  9290 | D:7      | Reached **** piety under Lugonu
 10107 | D:7      | Found a glowing golden altar of the Shining One.
 10256 | D:7      | Reached XP level 10. HP: 77/82 MP: 14/14
 10891 | D:8      | Slain by a troll

Levels and vault maps discovered:
D:1:      onia_arrival_larder, layout_loops_ring, minmay_unequal
D:2:      wander_river, layout_rooms, old_standard_altar, glass_columns_a
D:3:      layout_basic, lemuel_round_altar, grunt_dithmenos_smoke_and_mirrors,
          grunt_gozag_breadcrumbs
D:4:      layout_basic
D:5:      layout_loops_ring, temple_hall, serial_shops,
          nicolae_shop_temple_entry_statues_fountains, first_ration,
          portal_sewer_entry_e
D:6:      layout_loops_ring, trog_ov_bears_minmay, grunt_temple_overflow_open,
          gammafunk_ghost_mausoleum
D:7:      layout_layer_cave, tso_oasis_becter, serial_shops,
          nicolae_shop_crystal, the_bakery, uniq_harold
D:8:      layout_loops_ring, ashenzari_altar_1, nicolae_overflow_hidden_temple,
          brannock_xom_greatest_gift, nicolae_lava_and_water, uniq_psyche

Skill      XL: |  1  2  3  4  5  6  7  8  9 |
---------------+----------------------------+-----
Axes           | 2 3 4 5 |  5.4
Fighting       | 4 5 6 |  6.0
Dodging        | 1 2 3 4 |  4.2
Armour         | 2 3 5 6 |  6.4
Invocations    | 3 4 5 6 |  6.3
Maces & Flails | 1 4 |  4.2

Action                   |  1- 3 |  4- 6 |  7- 9 | 10-12 || total
-------------------------+-------+-------+-------+-------++-------
Melee: Hand axe          |    65 |   310 |   261 |       ||   636
       Kick              |     6 |    57 |    71 |     3 ||   137
       Morningstar       |       |       |   101 |     7 ||   108
Invok: Depart the Abyss  |     1 |       |       |       ||     1
       Bend Space        |       |     1 |       |       ||     1
Evoke: Wand              |       |       |     1 |       ||     1
  Use: Scroll            |     3 |     8 |     3 |       ||    14
       Potion            |     1 |     6 |       |       ||     7
  Eat: Chunk             |       |     6 |    13 |       ||    19
       Ration            |       |     1 |     3 |       ||     4
Armor: Leather armour    |    37 |   113 |    16 |       ||   166
       Skin              |       |    41 |       |       ||    41
       Chain mail        |       |       |   200 |       ||   200
       Scale mail        |       |       |    50 |     6 ||    56
       Plate armour      |       |       |    23 |       ||    23
Dodge: Dodged            |    38 |   153 |   136 |     2 ||   329
       Deflected         |       |     5 |     1 |       ||     6

Table legend:
 A = Non-vault XP
 B = Vault XP
 C = Vault XP percentage of total XP
 D = Non-vault monster count
 E = Vault monster count
 F = Vault count percentage of total count
                 A         B        C        D         E       F
            +---------+---------+-------+---------+---------+-------
      Total |    4312 |    1615 |  27.2 |     177 |      27 |  13.2
            +---------+---------+-------+---------+---------+-------
        D:1 |      55 |      16 |  22.5 |      28 |      11 |  28.2
        D:2 |     122 |       0 |   0.0 |      29 |       0 |   0.0
        D:3 |     166 |       0 |   0.0 |      30 |       0 |   0.0
        D:4 |     440 |       0 |   0.0 |      15 |       0 |   0.0
        D:5 |     760 |      37 |   4.6 |      19 |       8 |  29.6
        D:6 |    1005 |     259 |  20.5 |      17 |       2 |  10.5
        D:7 |    1508 |    1242 |  45.2 |      38 |       2 |   5.0
        D:8 |     256 |       0 |   0.0 |       1 |       0 |   0.0
    Abyss:2 |       0 |      61 | 100.0 |       0 |       4 | 100.0
            +---------+---------+-------+---------+---------+-------
